 Dungeon Crawl Stone Soup version 0.30.0-17-ge0270778cf (webtiles) character file.

Game seed: 12716945294143922747

49 DemonSlayer the Digger (level 3, -3/24 HPs)
             Began as a Demonspawn Earth Elementalist on May 22, 2023.
             Slain by a goblin
             ... wielding a +2 dagger of protection
             ... led by Robin
              (4 damage)
             ... on level 4 of the Dungeon.
             The game lasted 00:03:56 (1183 turns).

DemonSlayer the Digger (DsEE)                       Turns: 1183, Time: 00:03:57

Health: -3/24      AC:  4    Str:  8    XL:     3   Next: 51%
Magic:  5/6        EV: 12    Int: 16    God:
Gold:   88         SH:  0    Dex: 15    Spells: 6/7 levels left

rFire   . . .        c - +0 dagger
rCold   . . .        (no shield)
rNeg    . . .        a - +0 robe
rPois   .            (helmet restricted)
rElec   .            i - scarf {shadows}
rCorr   .            (no gloves)
SInv    .            (no boots)
Will    .....        (no amulet)
Stlth   ++           (no ring)
HPRegen 0.24/turn    (no ring)
MPRegen 0.10/turn

%: no passive effects
@: no status effects
A: horns 1, slimy green scales 1
a: no special abilities


You were on level 4 of the Dungeon.
You visited 1 branch of the dungeon, and saw 4 of its levels.

You collected 88 gold pieces.

Inventory:

Hand Weapons
 c - a +0 dagger (weapon)
Armour
 a - a +0 robe (worn)
 i - a scarf of shadows (worn)
Scrolls
 d - 4 scrolls of identify {unknown}
 f - a scroll of immolation {unknown}
 j - a scroll of summoning {unknown}
 k - a scroll of magic mapping {unknown}
 p - a scroll of vulnerability {unknown}
Potions
 e - a potion of brilliance {unknown}
 g - a potion of curing {unknown}
 h - 2 potions of cancellation {unknown}
 l - a potion of heal wounds {unknown}
 m - a potion of mutation {unknown}
 n - a potion of attraction {unknown}
 o - a potion of flight {unknown}


   Skills:
 + Level 0.1 Short Blades
 + Level 2.1 Dodging
 + Level 2.1 Stealth
 + Level 2.6 Spellcasting
 + Level 0.8 Transmutations
 + Level 3.2 Earth Magic


You had 6 spell levels left.
You knew the following spells:

 Your Spells              Type           Power      Damage    Failure   Level
a - Sandblast             Erth           24%        2d8       4%          1

Your spell library contained the following spells:

 Spells                   Type           Power      Damage    Failure   Level
 Passwall                 Tmut/Erth      6%         N/A       13%         2
 Stone Arrow              Conj/Erth      14%        3d7       30%         3
 Petrify                  Tmut/Erth      8%         N/A       63%         4


Dungeon Overview and Level Annotations

Branches:
Dungeon (4/15)
 Temple: D:4-7

Altars:


Innate Abilities, Weirdness & Mutations

You have a pair of small horns on your head.
You are partially covered in slimy green scales. (AC +2)


Message History

There is a stone staircase leading down here.
The goblin hits you with a +2 dagger of protection.
You climb downwards.
The quokka bites you but does no damage.
The hobgoblin barely misses you.
The quokka twitches its whiskers.
The quokka barely misses you. The hobgoblin closely misses you.
There is a stone staircase leading up here.
The blast of sand hits the hobgoblin.
The hobgoblin is heavily wounded.
The goblin closely misses you. The quokka misses you. The hobgoblin misses you.
The goblin barely misses you.
The blast of sand hits the hobgoblin.
You kill the hobgoblin!
The quokka bites you but does no damage.
The goblin hits you with a +2 dagger of protection.
The quokka misses you.
You are out of magic!
The goblin hits you with a +2 dagger of protection.
The quokka bites you. x2
* * * LOW HITPOINT WARNING * * *
The goblin attacks as you move away! The goblin hits you but does no damage.
There is a stone staircase leading down here.
The goblin barely misses you.
You climb downwards.
There is a stone staircase leading up here.
Magic courses through your body.
The goblin hits you with a +2 dagger of protection.
* * * LOW HITPOINT WARNING * * *
Casting: Sandblast (safe; 4% risk of failure)
Confirm with . or Enter, or press ? or * to list all spells.
Aiming: Sandblast (safe; 4% risk of failure)
Press: ? - help, Shift-Dir - straight line, f - goblin
Aim: a goblin, wielding a +2 dagger of protection (77% to hit)
The blast of sand hits the goblin.
The goblin is heavily wounded.
The goblin hits you with a +2 dagger of protection.
* * * LOW HITPOINT WARNING * * *
The goblin hits you with a +2 dagger of protection.
You die...

#....##
#.....#
#.....#
#.....#
#.....#
#.....#
#@g...#
#.....#
#....##
#....#
#.....#
#.....+
#.....#


You could see a goblin.

Vanquished Creatures
  2 dart slugs (D:1)
  An orc (D:2)
  4 endoplasms
  3 giant cockroaches
  3 goblins
  2 hobgoblins
  A quokka (D:3)
  4 ball pythons
  5 bats
  2 frilled lizards (D:1)
  4 kobolds
  11 rats
42 creatures vanquished.

Notes
Turn   | Place    | Note
-------+----------+-------------------------------------------
     0 | D:1      | DemonSlayer the Demonspawn Earth Elementalist began the
                  | quest for the Orb.
     0 | D:1      | Reached XP level 1. HP: 13/13 MP: 3/3
   254 | D:1      | Gained mutation: You are partially covered in slimy green
                  | scales. (AC +2) [demonic ancestry]
   254 | D:1      | Reached XP level 2. HP: 19/19 MP: 3/5
   360 | D:1      | Reached skill level 3 in Earth Magic
   709 | D:1      | Gained mutation: You have a pair of small horns on your
                  | head. [demonic ancestry]
   709 | D:1      | Reached XP level 3. HP: 24/24 MP: 4/6
  1183 | D:4      | HP: 1/24 [goblin/+2 dagger of protection[Robin] (4)]
  1183 | D:4      | Slain by a goblin

Illustrated notes

Levels and vault maps discovered:
D:1:      dpeg_arrival_rhombi, layout_basic
D:2:      layout_basic, minmay_rat_gold_closets, uniq_robin
D:3:      layout_rooms, marbit_many_paths, zin_statuary, uniq_grinder
D:4:      layout_gridville, minmay_temple_entry_purple_smoke

Skill      XL: |  1  2 |
---------------+-------+-----
Stealth        | 2 |  2.1
Dodging        | 2 |  2.1
Earth Magic    | 3 |  3.2
Short Blades   | |  0.1
Spellcasting   | |  2.6
Transmutations | |  0.8

Action                     || total
---------------------------++-------
  Melee: Dagger            ||    37
         Headbutt          ||     2
   Cast: Sandblast         ||    56
    Use: Potion            ||     1
   Stab: Sleeping          ||     4
 Armour: Robe              ||    28
  Dodge: Dodged            ||    59
